3L
LONE STAR BC @ PANAMA CITY PIRANHAS
07/05/2019
 
TOP OF THE 1ST
Lone Star BC batting - Pitching for Panama City Piranhas : LHP Albert Lucas
Pitching: LHP Albert Lucas
Batting: RHB Juan Ramos 0-0: Foul Ball, location: 2F
0-1: Ground out 5-3 (Groundball, 56)
Batting: SHB Leonard O'Connor 0-0: Called Strike
0-1: Foul Ball, location: 2F
0-2: Fly out, F8 (Line Drive, 8RXD)
Batting: SHB Virgil Eberle 0-0: Called Strike
0-1: Ball
1-1: SINGLE (Flyball, 4MD)
Batting: RHB Luis Mendoza 0-0: Swinging Strike
0-1: Called Strike
0-2: Ball
1-2: Ball
2-2: Ball
3-2: Ground out 6-3 (Groundball, 6M)
Top of the 1st over - 0 run(s), 1 hit(s), 0 error(s), 1 left on base; Lone Star 0 - Panama City 0
BOTTOM OF THE 1ST
Panama City Piranhas batting - Pitching for Lone Star BC : RHP José Alaniz
Pitching: RHP José Alaniz
Batting: RHB Hal Romaine 0-0: Ball
1-0: Swinging Strike
1-1: Ball
2-1: Foul Ball, location: 2F
2-2: Strikes out swinging
Batting: SHB Theodore Buck 0-0: Called Strike
0-1: Ball
1-1: Foul Ball, location: 2F
1-2: Ball
2-2: Ball
3-2: Ground out 4-3 (Groundball, 4M)
Batting: SHB Marc Talamante 0-0: Ball
1-0: Foul Ball, location: 2F
1-1: Ball
2-1: Foul Ball, location: 2F
2-2: Ball
3-2: Fly out, F7 (Popup, 7S)
Bottom of the 1st over - 0 run(s), 0 hit(s), 0 error(s), 0 left on base; Lone Star 0 - Panama City 0
TOP OF THE 2ND
Lone Star BC batting - Pitching for Panama City Piranhas : LHP Albert Lucas
Batting: RHB Soseki Matsunaga 0-0: Called Strike
0-1: Foul Ball, location: 2F
0-2: Ground out 1-3 (Groundball, 13S)
Batting: RHB Thomas Dunlap 0-0: DOUBLE (Groundball, 5L)
Batting: RHB Brian Williams 0-0: Ball
1-0: Ball
Balk!
Thomas Dunlap to third
2-0: Called Strike
2-1: Ball
3-1: Ground out 6-3 (Groundball, 56)
Thomas Dunlap scores
Batting: RHB José Alaniz 0-0: Called Strike
0-1: Called Strike
0-2: Foul Ball, location: 2F
0-2: Strikes out swinging
Top of the 2nd over - 1 run(s), 1 hit(s), 0 error(s), 0 left on base; Lone Star 1 - Panama City 0
BOTTOM OF THE 2ND
Panama City Piranhas batting - Pitching for Lone Star BC : RHP José Alaniz
Batting: RHB Jeff Bass 0-0: Ball
1-0: Foul Ball, location: 2F
1-1: SINGLE (Groundball, 4M)
Batting: LHB Miguel Martínez 0-0: 2-RUN HOME RUN (Flyball, 9D), Distance : 379 ft
Batting: RHB Joel Lee 0-0: Ball
1-0: Swinging Strike
1-1: Called Strike
1-2: Ground out 4-3 (Groundball, 4)
Batting: LHB Arturo Guzmán 0-0: Ball
1-0: Ball
2-0: Swinging Strike
2-1: Called Strike
2-2: Fly out, F8 (Flyball, 89M)
Batting: LHB Bellchyor Lebrim 0-0: Fly out, F7 (Popup, 7LS)
Bottom of the 2nd over - 2 run(s), 2 hit(s), 0 error(s), 0 left on base; Lone Star 1 - Panama City 2
TOP OF THE 3RD
Lone Star BC batting - Pitching for Panama City Piranhas : LHP Albert Lucas
Batting: LHB Ray Merrill 0-0: Fly out, F9 (Flyball, 9D)
Batting: RHB Juan Ramos 0-0: Ball
1-0: Ball
2-0: Ball
3-0: Base on Balls
Batting: SHB Leonard O'Connor 0-0: Called Strike
0-1: Foul Ball, location: 2F
0-2: Ball
1-2: SINGLE (Line Drive, 56D)
Juan Ramos to second
Batting: SHB Virgil Eberle 0-0: Ball
1-0: SINGLE (Groundball, 4M) (infield hit)
Juan Ramos to third
Leonard O'Connor to second
Batting: RHB Luis Mendoza 0-0: Ball
1-0: Ball
2-0: Foul Ball, location: 2F
2-1: Swinging Strike
2-2: Ball
3-2: Foul Ball, location: 2F
3-2: Base on Balls
Juan Ramos scores
Leonard O'Connor to third
Virgil Eberle to second
Batting: RHB Soseki Matsunaga 0-0: Foul Ball, location: 2F
0-1: SINGLE (Flyball, 8RS)
Leonard O'Connor scores
Virgil Eberle to third
Luis Mendoza to second
Runner from 3rd tries for Home, SAFE, no throw or cutoff
Batting: RHB Thomas Dunlap 0-0: Ball
1-0: Swinging Strike
1-1: Foul Ball, location: 2F
1-2: Ball
2-2: Fly out, F9 (Flyball, 9LM)
Batting: RHB Brian Williams 0-0: Called Strike
0-1: 3-RUN HOME RUN (Flyball, 7D), Distance : 381 ft
Pitching: RHP Kevin Thomas
Batting: RHB José Alaniz 0-0: Called Strike
0-1: Foul Ball, location: 2F
0-2: Fly out, F8 (Flyball, 8LM)
Top of the 3rd over - 6 run(s), 4 hit(s), 0 error(s), 0 left on base; Lone Star 7 - Panama City 2
BOTTOM OF THE 3RD
Panama City Piranhas batting - Pitching for Lone Star BC : RHP José Alaniz
Batting: RHB Kevin Thomas 0-0: Ball
1-0: Swinging Strike
1-1: Fly out, F8 (Flyball, 8LM)
Batting: RHB Hal Romaine 0-0: Called Strike
0-1: Ball
1-1: Fly out, F9 (Flyball, 9M)
Batting: SHB Theodore Buck 0-0: Called Strike
0-1: Ball
1-1: Fly out, F8 (Flyball, 78M)
Bottom of the 3rd over - 0 run(s), 0 hit(s), 0 error(s), 0 left on base; Lone Star 7 - Panama City 2
TOP OF THE 4TH
Lone Star BC batting - Pitching for Panama City Piranhas : RHP Kevin Thomas
Batting: LHB Ray Merrill 0-0: SINGLE (Groundball, 34D)
Batting: RHB Juan Ramos 0-0: Ball
1-0: Swinging Strike
1-1: Foul Ball, location: 2F
1-2: Grounds into double play, 5-4-3 (Groundball, 5L)
Batting: SHB Leonard O'Connor 0-0: Foul Ball, location: 2F
0-1: Swinging Strike
0-2: Foul Ball, location: 2F
0-2: Ball
1-2: Ball
2-2: Foul Ball, location: 2F
2-2: Ball
3-2: Base on Balls
Batting: SHB Virgil Eberle 0-0: Ball
1-0: Ball
2-0: Ball
3-0: Called Strike
3-1: SINGLE (Groundball, 6MD)
Leonard O'Connor to second
Batting: RHB Luis Mendoza 0-0: Ball
1-0: Ball
2-0: Foul Ball, location: 2F
2-1: Fly out, F7 (Line Drive, 7D)
Top of the 4th over - 0 run(s), 2 hit(s), 0 error(s), 2 left on base; Lone Star 7 - Panama City 2
BOTTOM OF THE 4TH
Panama City Piranhas batting - Pitching for Lone Star BC : RHP José Alaniz
Batting: SHB Marc Talamante 0-0: Foul Ball, location: 2F
0-1: Ground out 4-3 (Groundball, 4)
Batting: RHB Jeff Bass 0-0: Ball
1-0: Ball
2-0: Ball
3-0: Called Strike
3-1: Foul Ball, location: 2F
3-2: Strikes out looking
Batting: LHB Miguel Martínez 0-0: Foul Ball, location: 2F
0-1: Ball
1-1: SINGLE (Line Drive, 9LS)
Batting: RHB Joel Lee 0-0: Ball
1-0: Called Strike
1-1: Fly out, F8 (Flyball, 78D)
Bottom of the 4th over - 0 run(s), 1 hit(s), 0 error(s), 1 left on base; Lone Star 7 - Panama City 2
TOP OF THE 5TH
Lone Star BC batting - Pitching for Panama City Piranhas : RHP Kevin Thomas
Batting: RHB Soseki Matsunaga 0-0: Ground out U3 (Groundball, 3L)
Batting: RHB Thomas Dunlap 0-0: Ball
1-0: Foul Ball, location: 2F
1-1: Ball
2-1: Ball
3-1: Called Strike
3-2: Strikes out swinging
Batting: RHB Brian Williams 0-0: Ball
1-0: Fly out, F9 (Line Drive, 89S)
Top of the 5th over - 0 run(s), 0 hit(s), 0 error(s), 0 left on base; Lone Star 7 - Panama City 2
BOTTOM OF THE 5TH
Panama City Piranhas batting - Pitching for Lone Star BC : RHP José Alaniz
Batting: LHB Arturo Guzmán 0-0: Called Strike
0-1: Ground out 4-3 (Groundball, 4)
Batting: LHB Bellchyor Lebrim 0-0: Called Strike
0-1: Ground out 5-3 (Groundball, 56)
Batting: RHB Kevin Thomas 0-0: Ball
1-0: Swinging Strike
1-1: Foul Ball, location: 2F
1-2: Ground out 6-3 (Groundball, 6)
Bottom of the 5th over - 0 run(s), 0 hit(s), 0 error(s), 0 left on base; Lone Star 7 - Panama City 2
TOP OF THE 6TH
Lone Star BC batting - Pitching for Panama City Piranhas : RHP Kevin Thomas
Batting: RHB José Alaniz 0-0: Called Strike
0-1: Ball
1-1: Ball
2-1: SINGLE (Line Drive, 6M)
Batting: LHB Ray Merrill 0-0: Ball
1-0: Grounds out, U3 (Groundball, 3L)
Batting: RHB Juan Ramos 0-0: SINGLE (Flyball, 89S)
José Alaniz to third
Batting: SHB Leonard O'Connor 0-0: Called Strike
0-1: Called Strike
0-2: Ball
1-2: Strikes out swinging
Batting: SHB Virgil Eberle 0-0: Ball
1-0: Fly out, F5 (Popup, 56)
Top of the 6th over - 0 run(s), 2 hit(s), 0 error(s), 2 left on base; Lone Star 7 - Panama City 2
BOTTOM OF THE 6TH
Panama City Piranhas batting - Pitching for Lone Star BC : RHP José Alaniz
Batting: RHB Hal Romaine 0-0: Ball
1-0: Ball
2-0: Called Strike
2-1: SINGLE (Groundball, 34D)
Batting: SHB Theodore Buck 0-0: Called Strike
0-1: Ball
1-1: Ball
2-1: Ball
3-1: Fielders Choice at 2nd, 4-6 (Groundball, 4)
Batting: SHB Marc Talamante 0-0: Called Strike
0-1: Foul Ball, location: 2F
0-2: Ball
1-2: Fly out, F5 (Popup, 5SF)
Batting: RHB Jeff Bass 0-0: Foul Ball, location: 2F
0-1: Foul Ball, location: 2F
0-2: Ball
1-2: Ball
2-2: Ball
3-2: Foul Ball, location: 2F
3-2: DOUBLE (Line Drive, 8RXD)
Theodore Buck to third
Theodore Buck scores
Batting: LHB Miguel Martínez 0-0: Ball
1-0: Fly out, F6 (Popup, 78S)
Bottom of the 6th over - 1 run(s), 2 hit(s), 0 error(s), 1 left on base; Lone Star 7 - Panama City 3
TOP OF THE 7TH
Lone Star BC batting - Pitching for Panama City Piranhas : RHP Kevin Thomas
Pitching: RHP Lester Craft
Batting: RHB Luis Mendoza 0-0: Ball
1-0: Ball
2-0: Ball
3-0: Base on Balls
Batting: RHB Soseki Matsunaga 0-0: Ball
1-0: Called Strike
1-1: Swinging Strike
1-2: Strikes out swinging
Batting: RHB Thomas Dunlap 0-0: Foul Ball, location: 2F
0-1: Grounds into double play, 4-6-3 (Groundball, 34)
Top of the 7th over - 0 run(s), 0 hit(s), 0 error(s), 0 left on base; Lone Star 7 - Panama City 3
BOTTOM OF THE 7TH
Panama City Piranhas batting - Pitching for Lone Star BC : RHP José Alaniz
Batting: RHB Joel Lee 0-0: Called Strike
0-1: Ball
1-1: Ball
2-1: Ground out 4-3 (Groundball, 4M)
Batting: LHB Arturo Guzmán 0-0: Called Strike
0-1: Swinging Strike
0-2: Ball
1-2: Strikes out swinging
Batting: LHB Bellchyor Lebrim 0-0: Ball
1-0: Foul Ball, location: 2F
1-1: Ball
2-1: Ground out 6-3 (Groundball, 6M)
Bottom of the 7th over - 0 run(s), 0 hit(s), 0 error(s), 0 left on base; Lone Star 7 - Panama City 3
TOP OF THE 8TH
Lone Star BC batting - Pitching for Panama City Piranhas : RHP Lester Craft
Batting: RHB Brian Williams 0-0: Ball
1-0: Foul Ball, location: 2F
1-1: Ball
2-1: Foul Ball, location: 2F
2-2: Ball
3-2: Strikes out swinging
Batting: RHB José Alaniz 0-0: Swinging Strike
0-1: Ball
1-1: Called Strike
1-2: Ball
2-2: Strikes out swinging
Batting: LHB Ray Merrill 0-0: Ball
1-0: Swinging Strike
1-1: Ball
2-1: Fly out, F5 (Line Drive, 56)
Top of the 8th over - 0 run(s), 0 hit(s), 0 error(s), 0 left on base; Lone Star 7 - Panama City 3
BOTTOM OF THE 8TH
Panama City Piranhas batting - Pitching for Lone Star BC : RHP José Alaniz
Pinch Hitting: RHB Pete Knight 0-0: Ball
1-0: Foul Ball, location: 2F
1-1: Ball
2-1: Ball
3-1: Ground out 5-3 (Groundball, 56)
Batting: RHB Hal Romaine 0-0: Ground out 1-3 (Groundball, 15)
Batting: SHB Theodore Buck 0-0: Ball
1-0: Ball
2-0: Called Strike
2-1: Swinging Strike
2-2: Fly out, F8 (Line Drive, 8LM)
Bottom of the 8th over - 0 run(s), 0 hit(s), 0 error(s), 0 left on base; Lone Star 7 - Panama City 3
TOP OF THE 9TH
Lone Star BC batting - Pitching for Panama City Piranhas : RHP Lester Craft
Pitching: RHP Bob Compton
Batting: RHB Juan Ramos 0-0: Called Strike
0-1: Swinging Strike
0-2: Ball
1-2: Ground out 4-3 (Groundball, 4M)
Batting: SHB Leonard O'Connor 0-0: DOUBLE (Groundball, 3L)
Batting: SHB Virgil Eberle 0-0: Ball
1-0: Ball
2-0: Foul Ball, location: 2F
2-1: DOUBLE (Line Drive, 9LM)
Leonard O'Connor scores
Batting: RHB Luis Mendoza 0-0: Called Strike
Virgil Eberle steals 3rd base
0-1: Ball
1-1: Foul Ball, location: 2F
1-2: Ball
2-2: Ball
3-2: Base on Balls
Batting: RHB Soseki Matsunaga 0-0: Foul Ball, location: 2F
0-1: Foul Ball, location: 2F
0-2: Ball
1-2: Ball
2-2: SINGLE (Line Drive, 78S)
Virgil Eberle scores
Luis Mendoza to second
Pitching: RHP Rubén Ramírez
Batting: RHB Thomas Dunlap 0-0: Swinging Strike
0-1: Ball
1-1: Ball
2-1: Foul Ball, location: 2F
2-2: Foul Ball, location: 2F
2-2: Foul Ball, location: 2F
2-2: Ball
3-2: Base on Balls
Luis Mendoza to third
Soseki Matsunaga to second
Batting: RHB Brian Williams 0-0: Ball
1-0: Ball
2-0: Called Strike
2-1: Ball
3-1: Grounds into double play, 4-6-3 (Groundball, 4M)
Top of the 9th over - 2 run(s), 3 hit(s), 0 error(s), 2 left on base; Lone Star 9 - Panama City 3
BOTTOM OF THE 9TH
Panama City Piranhas batting - Pitching for Lone Star BC : RHP José Alaniz
Now at 1B: José Rodríguez
Now at 2B: Vicente Toro
Batting: SHB Marc Talamante 0-0: Ball
1-0: Ground out 6-3 (Groundball, 6)
Batting: RHB Jeff Bass 0-0: DOUBLE (Line Drive, 8RS)
Pitching: RHP Ramón Aguilera
Batting: LHB Miguel Martínez 0-0: Called Strike
0-1: Ball
1-1: Swinging Strike
1-2: Strikes out swinging
Batting: RHB Joel Lee 0-0: Foul Ball, location: 2F
0-1: Ball
1-1: Ball
2-1: Foul Ball, location: 2F
2-2: Fly out, F1 (Line Drive, 13)
Bottom of the 9th over - 0 run(s), 1 hit(s), 0 error(s), 1 left on base; Lone Star 9 - Panama City 3
This league is powered by Out of the Park Baseball, the baseball management simulation game for PC, Mac and Linux
Saturday, July 25th, 2015 - OOTP Baseball 15.6 Build 34